 Dungeon Crawl Stone Soup version 0.29-a0-676-ga64570c9d2 (webtiles) character file.

Game seed: 14758071394422019867

76 wilfster70 the Insei (level 4, -2/35 HPs)
             Began as a Draconian Transmuter on June 24, 2022.
             Slain by Natasha (10 damage)
             ... on level 3 of the Dungeon.
             The game lasted 00:06:33 (2151 turns).

wilfster70 the Insei (Draconian Transmuter)         Turns: 2151, Time: 00:06:33

Health: -2/35      AC:  0    Str: 12    XL:     4   Next: 12%
Magic:  8/8        EV: 19    Int: 15    God:
Gold:   106        SH:  0    Dex: 17    Spells: 4/8 levels left

rFire   . . .      SeeInvis .     - Unarmed
rCold   . . .      Faith    .   (shield currently unavailable)
rNeg    . . .      Spirit   .   (body armour unavailable)
rPois   .          Reflect  .   (helmet currently unavailable)
rElec   .          Harm     .   (cloak currently unavailable)
rCorr   .          Rampage  .   (gloves currently unavailable)
Will    .....                   (boots currently unavailable)
Stlth   ++........              (no amulet)
HPRegen 0.11/turn               (ring currently unavailable)
MPRegen 0.11/turn               (ring currently unavailable)

@: bat-form, flying, slowed, quick
A: fast, flying, no casting, AC +5, tiny, unfitting armour, (cold-blooded)
a: no special abilities


You were on level 3 of the Dungeon.
You were a bat.
You visited 1 branch of the dungeon, and saw 3 of its levels.

You collected 106 gold pieces.

Inventory:

Hand Weapons
 b - a +0 hunting sling
Armour
 e - a +0 pair of boots (melded)
Scrolls
 f - a scroll of vulnerability {unknown}
 g - a scroll of teleportation
 r - a scroll of identify
Potions
 a - a potion of lignification
 c - a potion of heal wounds
 d - a potion of magic
 h - a potion of berserk rage


   Skills:
 - Level 1.1 Fighting
 - Level 1.7 Dodging
 + Level 3.8 Unarmed Combat
 + Level 2.8 Spellcasting
 + Level 3.0 Transmutations


You had 4 spell levels left.
You knew the following spells:

 Your Spells              Type           Power      Damage    Failure   Level
a - Beastly Appendage     Tmut           22%        N/A       6%          1
b - Ozocubu's Armour      Ice            2%         N/A       52%         3

Your spell library contained the following spells:

 Spells                   Type           Power      Damage    Failure   Level
 Wereblood                Tmut           11%        N/A       9%          2
 Spider Form              Tmut/Pois      6%         N/A       32%         3
 Ice Form                 Ice/Tmut       6%         N/A       73%         4
 Metabolic Englaciation   Hex/Ice        1%         N/A       99%         5
 Simulacrum               Ice/Necr       1%         N/A       100%        6


Dungeon Overview and Level Annotations

Branches:
Dungeon (3/15)

Altars:

Annotations:
D:3 Ijyb, Natasha


Innate Abilities, Weirdness & Mutations

You are a bat.
You are tiny and dextrous.
You move quickly.
You are flying.
Your equipment is almost entirely melded.
You are incapable of wielding weapons or throwing items.
You cannot cast spells.
((Your plain brown scales are hard. (AC +5)))
You cannot fit into any form of body armour.
((You are cold-blooded and may be slowed by cold attacks.))


Message History

You feel yourself slow down.
The rat twitches its whiskers.
Natasha barely misses you. x2
You hit Natasha. You headbutt Natasha.
Your tail-slap misses Natasha.
Natasha is moderately wounded.
Natasha zaps a wand.
You resist with some effort. The rat closely misses you.
You barely miss Natasha. Your headbutt misses Natasha.
Natasha is moderately wounded.
Natasha claws you! The rat bites you. Natasha closely misses you.
You closely miss Natasha. You claw Natasha.
Natasha is heavily wounded.
The rat bites you. Natasha barely misses you.
You hit Natasha. Your kick misses Natasha.
You headbutt Natasha, but do no damage.
Natasha is heavily wounded.
The rat barely misses you. Natasha closely misses you.
The rat barely misses you.
You closely miss Natasha. You headbutt Natasha.
Natasha is heavily wounded.
Your transformation is almost over.
Natasha misses you. The rat bites you.
Natasha zaps a wand.
Your horns disappear.
Your talons disappear.
Your +0 pair of boots unmelds from your body.
You turn into a bat.
Your +0 pair of boots melds into your body.
You hit Natasha.
Natasha is severely wounded.
The rat completely misses you. Natasha casts a spell at you.
The magic dart hits you. The rat bites you.
You hit Natasha but do no damage.
Natasha is severely wounded.
Natasha casts a spell at you. The magic dart hits you!
* * * LOW HITPOINT WARNING * * *
The rat misses you.
You hit Natasha but do no damage.
Natasha is severely wounded.
Natasha claws you!
You die...

# #..##'###.# .# #............
#
##..##.###.##..####.#.....#..##
# #................. #.....#..#
# ##..######.###.### # #..# #.#
#..# # #..# #.###..## #.##....#
.######.##..#.##
...........b...#
.....#####rh#.## .... #..# ..
..# #..# ... . #..# ... #.<. ..
..... . ..$##


You could see Natasha and a rat.

Vanquished Creatures
  Natasha (D:3)
  An adder (D:2)
  A worm (D:2)
  An orc (D:2)
  6 ball pythons
  7 endoplasms
  3 giant cockroaches
  A goblin (D:2)
  3 hobgoblins
  2 kobolds
  A quokka (D:1)
  5 bats (D:2)
  A frilled lizard (D:1)
  3 rats
36 creatures vanquished.

Notes
Turn   | Place    | Note
-------+----------+-------------------------------------------
     0 | D:1      | wilfster70 the Draconian Transmuter began the quest for the
                  | Orb.
     0 | D:1      | Reached XP level 1. HP: 16/16 MP: 3/3
   276 | D:1      | Reached XP level 2. HP: 23/23 MP: 5/5
  1390 | D:2      | Reached XP level 3. HP: 23/28 MP: 4/6
  1759 | D:2      | Learned a level 3 spell: Ozocubu's Armour
  2015 | D:3      | Noticed Natasha
  2019 | D:3      | Killed Natasha
  2020 | D:3      | Reached XP level 4. HP: 35/35 MP: 5/8
  2106 | D:3      | Noticed Ijyb
  2139 | D:3      | Noticed Natasha
  2151 | D:3      | Slain by Natasha

Illustrated notes

Levels and vault maps discovered:
D:1:      giann_bridges, layout_basic, roderic_lattice_a
D:2:      wander_river, layout_basic, nicolae_elevator_lobby_plus
D:3:      layout_basic, minitemple, hellmonk_ecumenical_altar_watching_god,
          uniq_natasha, uniq_ijyb

Skill      XL: |  1  2  3  4 |
---------------+-------------+-----
Transmutations | 3 |  3.0
Fighting       | |  1.1
Dodging        | |  1.7
Unarmed Combat | |  3.8
Spellcasting   | |  2.8

Action                   |  1- 3 |  4- 6 || total
-------------------------+-------+-------++-------
Melee: Unarmed           |    69 |    11 ||    80
       Kick              |    11 |     2 ||    13
       Tailslap          |     6 |       ||     6
       Headbutt          |    10 |     3 ||    13
       Punch             |     1 |       ||     1
 Fire: Hunting sling     |    12 |       ||    12
 Cast: Beastly Appendage |    24 |     3 ||    27
  Use: Scroll            |     8 |       ||     8
Armor: Skin              |    34 |     1 ||    35
Dodge: Dodged            |    52 |    16 ||    68

Table legend: (Time is in decaauts)
 A = Elapsed time spent in this place.
 B = Non-inter-level travel time spent in this place.
 C = Inter-level travel time spent in this place.
 D = Time resting spent in this place.
 E = Time spent auto-exploring this place.
 F = Levels seen in this place.
 G = Mean time per level.
                   A        B        C        D        E       F      G
               +--------+--------+--------+--------+--------+-----+--------+
         Total |   2171 |   2107 |     64 |    324 |    991 |   3 |  723.7 |
       Dungeon |   2171 |   2107 |     64 |    324 |    991 |   3 |  723.7 |
               +--------+--------+--------+--------+--------+-----+--------+

Top non-repeatable levels by time:
     D:2: 1027 daAuts
     D:1: 1018 daAuts
     D:3: 126 daAuts
